 Dungeon Crawl Stone Soup version 0.26-a0-612-gd4d190f45e (webtiles) character file.

Game seed: 7746771244680433963

103 Gottschkopf the Chiller (level 4, -1/24 HPs)
             Began as a Deep Elf Ice Elementalist on Sept 10, 2020.
             Was an Initiate of Ru.
             Slain by a gnoll
             ... wielding a cursed +0 halberd
              (8 damage)
             ... on level 2 of the Dungeon.
             The game lasted 00:06:37 (2286 turns).

Gottschkopf the Chiller (Deep Elf Ice Elementalist) Turns: 2286, Time: 00:06:38

Health: -1/24      AC:  9    Str:  5    XL:     4   Next: 51%
Magic:  7/10       EV: 13    Int: 21    God:    Ru [......]
Gold:   93         SH:  0    Dex: 15    Spells: 2/9 levels left

rFire    . . .     SeeInvis .   l - +0 dagger
rCold    . . .     Faith    .   (no shield)
rNeg     + . .     Spirit   .   a - +0 robe
rPois    .         Reflect  .   (no helmet)
rElec    .         Harm     .   (no cloak)
rCorr    .                      (no gloves)
MR       .....                  (no boots)
Stlth    ++........             (no amulet)
HPRegen  0.08/turn              d - ring of positive energy
MPRegen  0.12/turn              (no ring)

@: icy armour
A: no striking features
a: Renounce Religion


You were on level 2 of the Dungeon.
You worshipped Ru.
Ru was noncommittal.
You visited 1 branch of the dungeon, and saw 3 of its levels.

You collected 93 gold pieces.

Inventory:

Hand Weapons
 l - a +0 dagger (weapon)
Missiles
 h - 5 silver javelins (quivered)
Armour
 a - a +0 robe (worn)
Jewellery
 d - a ring of positive energy (left hand)
 j - an uncursed ring of fire
Scrolls
 b - 5 scrolls of remove curse {unknown}
 c - a scroll of enchant weapon {unknown}
 f - a scroll of fear {unknown}
 g - a scroll of identify {unknown}
 i - a scroll of enchant armour {unknown}
Potions
 k - a potion of berserk rage {unknown}


   Skills:
 - Level 2.4 Dodging
 - Level 2.4 Stealth
 - Level 3.0 Spellcasting
 + Level 6.6 Ice Magic


You had 2 spell levels left.
You knew the following spells:

 Your Spells              Type           Power        Failure   Level
a - Freeze                Ice            ####         1%          1
b - Frozen Ramparts       Ice            ####..       2%          3
c - Ozocubu's Armour      Ice            ####....     2%          3

Your spell library contained the following spells:

 Spells                   Type           Power        Failure   Level
 Hailstorm                Conj/Ice       ###.....     34%         4
 Summon Ice Beast         Ice/Summ       ###.....     34%         4


Dungeon Overview and Level Annotations

Branches:
Dungeon (3/15)

Altars:
Elyvilon
Gozag
Makhleb
Ru
Trog
Yredelemnul


Message History

There is a stone staircase leading up here.
The helpless gnoll fails to defend itself.
You puncture the gnoll!
The gnoll is heavily wounded.
The gnoll shouts!
You hear a bark! x2
A jackal comes into view.
The gnoll hits you with a cursed +0 halberd!
Ouch! That really hurt!
The gnoll misses you.
The gnoll hits you from afar with a +0 spear.
* * * LOW HITPOINT WARNING * * *
The gnoll closely misses you. The gnoll barely misses you.
You climb upwards.
There is a stone staircase leading down here.
Okay, then.
Casting: Freeze (safe; 1% risk of failure)
Confirm with . or Enter, or press ? or * to list all spells.
A film of ice covers your body!
The gnoll hits you with a cursed +0 halberd!
You die...

..........................#
..........>..._.......(...#
#..(.(...................##
#..(..(.............####†#
#......##.._..8.._..## #.##
#....................###..#######
......####.........#..#....†....#
.............._.....#...........#
.####.#..#.)...g@g..###.........#
#####..#.#.......)..)...###.#####
...)............÷...###.###.##
######.##.##.................##
#### #.##.##..................##
...###.##.#########............#
##.......<..#######............#
####..........................#
#########.#........#..........##


You could see 2 gnolls.

Vanquished Creatures
  2 adders (D:2)
  An ooze (D:1)
  2 worms (D:2)
  4 dart slugs
  4 leopard geckos
  7 bats
  3 giant cockroaches
  9 goblins
  8 hobgoblins
  2 jackals (D:2)
  7 kobolds
  A quokka (D:2)
  3 frilled lizards
  5 rats
58 creatures vanquished.

Notes
Turn   | Place    | Note
-------+----------+-------------------------------------------
     0 | D:1      | Gottschkopf the Deep Elf Ice Elementalist began the quest
                  | for the Orb.
     0 | D:1      | Reached XP level 1. HP: 10/10 MP: 6/6
   206 | D:1      | Reached XP level 2. HP: 15/15 MP: 6/8
   247 | D:1      | Reached skill level 5 in Ice Magic
   793 | D:1      | Reached XP level 3. HP: 19/19 MP: 4/9
   798 | D:1      | Learned a level 3 spell: Ozocubu's Armour
  1291 | D:2      | Found a sacrificial altar of Ru.
  1299 | D:2      | Became a worshipper of Ru the Awakened
  1416 | D:2      | Reached skill level 6 in Ice Magic
  1436 | D:2      | Reached XP level 4. HP: 9/24 MP: 0/10
  1697 | D:2      | Found an opulent altar of Gozag.
  1700 | D:2      | Found a white marble altar of Elyvilon.
  1700 | D:2      | Found a basalt altar of Yredelemnul.
  1817 | D:2      | Learned a level 3 spell: Frozen Ramparts
  2016 | D:2      | Found a bloodstained altar of Trog.
  2215 | D:2      | Found a burning altar of Makhleb.
  2286 | D:2      | Slain by a gnoll

Illustrated notes

Levels and vault maps discovered:
D:1:      giann_wishing_wells, layout_loops_corners, minmay_pentomino_w2
D:2:      layout_rooms, nicolae_ru_the_path_less_chosen,
          nicolae_overflow_hidden_temple, grunt_temple_overflow_open
D:3:      cheibrodos_old_hovel, layout_loops_ring, okawaru_altar_gauntlet_db

Skill      XL: |  1  2  3 |
---------------+----------+-----
Ice Magic      | 5 6 |  6.6
Dodging        | |  2.4
Stealth        | |  2.4
Spellcasting   | |  3.0

Action                   |  1- 3 |  4- 6 || total
-------------------------+-------+-------++-------
Melee: Unarmed           |     1 |       ||     1
       Short sword       |    18 |    21 ||    39
       Dagger            |       |     5 ||     5
 Cast: Freeze            |    56 |    22 ||    78
       Ozocubu's Armour  |     1 |     2 ||     3
       Frozen Ramparts   |       |     2 ||     2
  Use: Potion            |     1 |       ||     1
 Stab: Sleeping          |       |     6 ||     6
Armor: Robe              |    19 |    14 ||    33
Dodge: Dodged            |    47 |    39 ||    86

Table legend: (Time is in decaauts)
 A = Elapsed time spent in this place.
 B = Non-inter-level travel time spent in this place.
 C = Inter-level travel time spent in this place.
 D = Time resting spent in this place.
 E = Time spent auto-exploring this place.
 F = Levels seen in this place.
 G = Mean time per level.
                   A        B        C        D        E       F      G
               +--------+--------+--------+--------+--------+-----+--------+
         Total |   2287 |   2234 |     53 |    383 |   1436 |   3 |  762.3 |
       Dungeon |   2287 |   2234 |     53 |    383 |   1436 |   3 |  762.3 |
               +--------+--------+--------+--------+--------+-----+--------+

Top non-repeatable levels by time:
     D:1: 1177 daAuts
     D:2: 1107 daAuts
     D:3: 2 daAuts
